Map: Moebius Facility XX-1

Players

uRGameOver

  • Race: Protoss Protoss
  • Spawn Location: 12:00

Dogg

  • Race: Terran Terran
  • League: Diamond
  • Spawn Location: 1:00

Homer

  • Race: Zerg Zerg
  • Spawn Location: 5:00

Ghostcore

  • Race: Terran Terran
  • Spawn Location: 6:00

Rugi - Winner!

  • Race: Zerg Zerg
  • League: Master
  • Spawn Location: 6:00

Loken - Winner!

  • Race: Protoss Protoss
  • League: Platinum
  • Spawn Location: 11:00

Myran - Winner!

  • Race: Protoss Protoss
  • Spawn Location: 12:00

dallaskuken - Winner!

  • Race: Protoss Protoss
  • League: Platinum
  • Spawn Location: 7:00

VOD

Have the link to the VOD?

Description

Time

  • Played on: March 30, 2017, 5:31 p.m.
  • Length: 11:38
Show
View Real Time Build Order
Export as new Build Order

uRGameOver Protoss 

Build Orders: Blink Stalkers 

Get SALT Encoding   

  12  0:01  Probe (Chrono Boost)  
  13  0:11  Probe (Chrono Boost)  
  14  0:22  Pylon  
  14  0:24  Probe (Chrono Boost)  
  15  0:40  Probe (Chrono Boost)  
  16  0:45  Gateway  
  16  0:51  Probe (Chrono Boost)  
  17  1:01  Probe (Chrono Boost)  
  18  1:09  Assimilator  
  18  1:12  Probe (Chrono Boost)  
  18  1:15  Gateway  
  19  1:21  Pylon  
  19  1:22  Probe (Chrono Boost)  
  20  1:26  Assimilator  
  20  1:33  Probe (Chrono Boost)  
  21  1:48  Cybernetics Core  
  21  1:52  Probe (Chrono Boost)  
  22  2:13  Probe (Chrono Boost)  
  22  2:14  Nexus  
  23  2:29  Twilight Council  
  23  2:36  Gateway  
  23  2:45  Warp Gate  
  23  2:58  Stalker x2  
  27  3:06  Blink  
  27  3:09  Probe (Chrono Boost)  
  28  3:25  Stalker  
  30  3:27  Pylon  
  30  3:32  Pylon  
  30  3:37  Probe (Chrono Boost)  
  31  3:44  Probe (Chrono Boost)  
  31  3:47  Probe (Chrono Boost)  
  33  3:55  Probe (Chrono Boost)  
  34  4:07  Stalker x2  
  38  4:15  Stalker  
  38  4:17  Probe (Chrono Boost)  
  41  4:26  Probe (Chrono Boost)  
  41  4:27  Probe (Chrono Boost)  
  43  4:36  Pylon, Probe (Chrono Boost)  
  43  4:38  Probe (Chrono Boost)  
  45  4:54  Stalker  
  45  4:55  Stalker x2  
  39  5:37  Stalker x3  
  45  5:47  Gateway  
  39  6:17  Stalker  
  39  6:18  Stalker x2  
  45  6:24  Pylon  
  45  6:25  Gateway  
  45  6:26  Pylon  
  45  6:29  Gateway  
  45  6:31  Gateway  
  45  6:35  Assimilator, Probe (Chrono Boost)  
  45  6:36  Assimilator  
  46  6:45  Robotics Facility  
  46  6:46  Probe (Chrono Boost)  
  47  6:53  Robotics Facility  
  47  7:00  Stalker  
  47  7:01  Stalker x3  
  55  7:46  Stalker x5  
  55  7:47  Stalker x2  
  69  7:56  Probe (Chrono Boost)  
  67  8:06  Probe (Chrono Boost)  
  68  8:30  Nexus  
  68  8:32  Pylon  
  68  8:33  Pylon  
  68  8:36  Assimilator  
  68  8:51  Probe (Chrono Boost)  
  68  8:55  Stalker  
  71  8:56  Nexus  
  71  9:00  Pylon  
  71  9:02  Pylon  
  71  9:18  Probe (Chrono Boost)  
  72  9:29  Probe (Chrono Boost)  
  56  9:41  Stalker x3  
  56  9:42  Stalker x2  
  50  10:15  Stalker  
  36  10:30  Probe (Chrono Boost)  
  36  10:40  Probe x2 (Chrono Boost)  
  37  10:51  Probe x2 (Chrono Boost)  
  39  11:01  Probe (Chrono Boost)  
  39  11:02  Probe (Chrono Boost)  
  39  11:12  Probe (Chrono Boost)  
Show
View Real Time Build Order
Export as new Build Order

Dogg Terran 

Build Orders: Command Center First (CC) 

Get SALT Encoding   

  12  0:01  SCV  
  13  0:13  SCV  
  14  0:18  Refinery  
  14  0:25  SCV  
  15  0:54  Supply Depot  
  15  1:11  Command Center  
  15  1:16  SCV  
  16  1:26  Barracks  
  16  1:30  SCV  
  17  1:42  SCV  
  18  1:57  SCV  
  19  2:14  Orbital Command  
  19  2:22  Factory  
  19  2:28  Orbital Command  
  19  2:35  Barracks Reactor  
  19  2:49  SCV  
  20  2:58  SCV  
  21  3:01  SCV  
  22  3:07  Supply Depot  
  22  3:08  Cyclone  
  22  3:10  SCV  
  22  3:12  Marine x2  
  27  3:13  SCV  
  29  3:22  SCV  
  29  3:25  SCV  
  31  3:30  Marine x2  
  33  3:34  SCV  
  34  3:45  Cyclone  
  34  3:48  Marine x2  
  38  3:50  SCV  
  38  3:53  SCV  
  41  4:00  Supply Depot  
  41  4:01  Supply Depot  
  41  4:02  Supply Depot  
  41  4:06  Barracks  
  41  4:07  Barracks  
  41  4:08  Marine x2  
  43  4:10  Barracks  
  43  4:11  SCV  
  44  4:21  Cyclone  
  47  4:25  SCV x2  
  47  4:26  Marine x2  
  51  4:37  SCV  
  52  4:38  Refinery  
  52  4:44  Starport, Marine  
  52  4:45  SCV  
  54  4:49  SCV  
  55  4:53  Cyclone  
  55  4:57  SCV  
  54  5:14  Marine  
  54  5:15  Marine x4  
  49  5:23  SCV x2  
  51  5:32  Marine x2  
  51  5:33  Marine x3  
  56  5:35  SCV  
  56  5:36  Cyclone  
  56  5:40  SCV  
  60  5:47  SCV  
  58  5:50  Marine x4  
  58  5:52  SCV  
  60  6:00  SCV, Barracks Tech Lab  
  60  6:08  Marine x3  
  56  6:19  Stimpack  
  56  6:22  Barracks Tech Lab  
  56  6:24  Starport Reactor  
  53  6:26  Marine x4  
  53  6:27  SCV  
  53  6:31  SCV  
  58  6:38  Refinery  
  58  6:39  SCV, Command Center  
  59  6:40  Refinery  
  59  6:42  Supply Depot  
  59  6:43  SCV, Marine  
  59  6:44  Marine x3, Supply Depot  
  59  6:46  Supply Depot  
  59  6:47  Marauder, Supply Depot  
  64  6:51  SCV  
  67  6:55  SCV  
  68  7:01  Marine x2  
  68  7:03  Marine x2  
  68  7:04  SCV  
  68  7:07  SCV  
  74  7:09  Marauder  
  76  7:16  SCV  
  76  7:19  Marine x2  
  76  7:20  SCV  
  76  7:21  Marine x2  
  77  7:30  Marauder  
  79  7:37  Marauder, Marine, Medivac x2  
  79  7:39  Marine x2  
  79  7:40  SCV  
  89  7:46  SCV  
  90  7:51  Marauder  
  90  7:52  SCV  
  90  7:55  Marine  
  90  7:57  Marine x2  
  96  7:58  SCV  
  96  7:59  Marauder  
  96  8:04  SCV  
  100  8:13  Marauder, Marine  
  100  8:15  Marine x2  
  104  8:20  Marauder  
  104  8:26  Medivac x2  
  110  8:30  Marine  
  110  8:32  Marine x2  
  110  8:34  Orbital Command, Marauder  
  113  8:35  Barracks x2  
  113  8:37  Barracks  
  113  8:41  Supply Depot  
  115  8:42  Marauder, Supply Depot x3  
  117  9:02  SCV x2, Marine x5  
  124  9:14  SCV x2  
  114  9:20  Marine x5  
  90  9:36  Marine x2  
  90  9:37  Marine  
  90  9:38  Marauder, Marine x3  
  98  9:39  Marauder  
  100  9:54  Marine x3, Medivac x2  
  100  9:55  Marine x3  
  112  10:00  Marauder x2  
  111  10:12  Marine x3  
  111  10:13  Marine x3  
  101  10:21  Marauder, Marine  
  83  10:30  Marine  
  83  10:31  Marine x3  
  83  10:39  Marine  
  83  10:42  Marine  
  57  11:16  Barracks  
  57  11:18  Barracks  
  52  11:19  Barracks  
  52  11:20  Barracks  
Show
View Real Time Build Order
Export as new Build Order

Homer Zerg 

Build Orders: Hatch First 

Get SALT Encoding   

  12  0:01  Drone  
  13  0:14  Overlord  
  13  0:20  Drone  
  14  0:33  Drone x2  
  16  0:35  Drone  
  17  0:56  Hatchery  
  16  1:31  Spawning Pool  
  15  1:33  Extractor  
  15  1:34  Drone  
  15  1:35  Drone x2  
  17  1:48  Drone  
  18  1:57  Overlord  
  18  2:17  Drone  
  18  2:18  Drone  
  18  2:19  Queen  
  18  2:21  Queen  
  24  2:37  Roach Warren  
  23  2:45  Overlord  
  23  2:48  Drone x3  
  26  2:53  Extractor  
  25  3:18  Roach x5  
  33  3:45  Roach  
  33  3:46  Roach, Drone x3  
  33  3:47  Drone  
  41  3:54  Drone x2  
  43  4:07  Lair  
  43  4:12  Drone  
  43  4:15  Spore Crawler  
  43  4:43  Overlord x2  
  43  4:44  Drone  
  38  5:45  Spire  
  38  5:46  Drone x4  
  38  5:48  Overlord  
  38  5:49  Overlord, Extractor  
  40  5:50  Drone x6, Extractor  
  40  5:51  Drone  
  40  5:52  Roach  
  40  5:53  Roach x4  
  48  6:04  Roach x2  
  52  6:17  Roach x5  
  62  6:22  Evolution Chamber  
  62  6:24  Evolution Chamber  
  60  6:27  Roach x3  
  60  6:31  Glial Reconstitution  
  66  6:42  Roach x4  
  66  6:45  Overlord  
  60  7:30  Roach  
  60  7:31  Roach x6  
  60  7:32  Roach x6  
  84  7:42  Zerg Missile Weapons Level 1  
  84  8:08  Hatchery  
  81  8:30  Drone x2  
  81  8:31  Drone  
  81  8:32  Overlord x2  
  81  8:33  Overlord x2  
  84  8:36  Zerg Ground Armor Level 1  
  83  8:50  Corruptor x3  
  83  8:51  Corruptor x2  
  51  9:35  Corruptor x5  
  59  10:06  Corruptor x3  
  57  10:26  Corruptor x3  
  57  10:50  Corruptor x2  
  61  11:01  Corruptor  
  53  11:21  Infestation Pit  
Show
View Real Time Build Order
Export as new Build Order

Ghostcore Terran 

Build Orders:  

Get SALT Encoding   

  12  0:03  SCV  
  13  0:15  SCV  
  13  0:21  Supply Depot  
  14  0:27  SCV  
  15  0:43  SCV  
  15  0:46  Barracks  
  16  0:55  SCV  
  17  1:34  SCV  
  17  1:37  Marine  
  19  1:46  SCV  
  20  1:58  SCV  
  21  2:06  Supply Depot  
  21  2:08  Refinery  
  21  2:10  SCV, Refinery  
  22  2:22  SCV  
  23  2:27  Marine  
  24  2:34  SCV  
  25  2:45  Marine  
  26  3:00  Factory  
  26  3:04  Supply Depot  
  26  3:25  Marine  
  27  3:43  Marine  
  28  3:49  Orbital Command  
  28  3:56  Supply Depot  
  28  3:59  Factory Reactor  
  28  4:01  Marine  
  29  4:06  Factory  
  29  4:09  Armory  
  29  4:14  Barracks  
  29  4:15  SCV  
  30  4:20  Marine  
  31  4:27  SCV  
  32  4:37  Hellion x2  
  36  4:58  Hellion x2  
  36  4:59  Factory Reactor  
  40  5:02  Terran Vehicle Weapons Level 1  
  40  5:03  Marine  
  40  5:05  Marine  
  42  5:20  SCV  
  42  5:21  Marine  
  44  5:34  Hellion  
  46  5:40  Command Center  
  46  5:45  Supply Depot  
  46  5:47  Marine, Supply Depot  
  46  5:48  Supply Depot  
  47  6:07  Hellion x3, Marine  
  47  6:09  Supply Depot  
  54  6:22  Hellion  
  56  6:26  Marine  
  56  6:27  Marine  
  58  6:42  Factory  
  58  6:43  Hellion x2  
  58  6:56  Terran Vehicle And Ship Armor Level 1  
  56  7:04  Hellion  
  56  7:05  Hellion  
  33  7:45  Factory Tech Lab  
  33  7:49  Hellion  
  33  7:50  Hellion  
  39  7:51  Hellion  
  39  7:52  Hellion  
  41  8:00  SCV  
  41  8:03  Marine  
  41  8:04  Marine  
  44  8:11  Hellion x2  
  44  8:12  SCV  
  51  8:13  Hellion x2  
  53  8:21  Marine x2  
  53  8:24  SCV  
  62  8:36  SCV  
  62  8:38  SCV  
  62  8:39  Marine  
  65  8:48  SCV  
  65  8:50  Terran Vehicle Weapons Level 2, SCV  
  67  9:02  SCV  
  53  9:14  SCV  
  34  9:27  SCV  
  32  10:26  Barracks  
  32  10:27  Barracks  
  32  10:31  Orbital Command  
  32  10:36  Marine  
  33  10:43  Cyclone  
  33  10:44  Cyclone  
  39  10:54  Marine  
  40  11:05  Engineering Bay  
  39  11:11  Marine  
Show
View Real Time Build Order
Export as new Build Order

Rugi Zerg - Winner!

Build Orders: Hatch First 

Get SALT Encoding   

  12  0:00  Drone  
  13  0:15  Overlord  
  13  0:19  Drone  
  14  0:33  Drone x2  
  16  0:37  Drone  
  17  0:55  Hatchery  
  16  0:58  Drone  
  16  1:00  Drone  
  18  1:11  Drone  
  19  1:13  Extractor  
  18  1:22  Drone  
  19  1:29  Spawning Pool  
  19  1:32  Drone  
  19  1:46  Overlord  
  19  2:06  Drone  
  20  2:16  Metabolic Boost  
  20  2:18  Queen x2  
  20  2:19  Zergling x8  
  28  2:24  Drone  
  28  2:29  Drone  
  30  2:36  Drone  
  31  2:40  Drone  
  32  2:52  Drone x2  
  32  2:56  Hatchery  
  33  2:59  Drone  
  33  3:03  Overlord  
  34  3:13  Drone x2  
  36  3:24  Drone x2  
  37  3:35  Overlord  
  37  3:37  Drone x6  
  37  3:39  Extractor  
  40  3:41  Roach Warren  
  38  3:51  Drone  
  39  3:56  Spore Crawler  
  39  3:59  Overlord  
  38  4:04  Drone  
  38  4:07  Overlord x2  
  39  4:16  Lair  
  39  4:19  Drone x2  
  39  4:22  Drone  
  39  4:23  Drone x2  
  44  4:25  Roach x3  
  44  4:26  Extractor  
  44  4:30  Queen  
  51  4:32  Drone x3  
  54  4:39  Drone x3  
  54  4:43  Roach x3  
  63  4:50  Extractor  
  63  4:51  Drone  
  63  4:54  Drone  
  63  4:56  Drone x2  
  63  4:58  Roach  
  68  5:08  Roach x3  
  68  5:14  Roach x4  
  80  5:16  Glial Reconstitution  
  80  5:19  Overlord x2  
  82  5:35  Overlord x2  
  82  5:40  Roach  
  82  5:41  Roach x6  
  96  6:03  Ravager  
  94  6:16  Roach x10  
  114  6:23  Overlord  
  114  6:31  Overlord x3  
  114  6:40  Overseer  
  114  6:41  Roach  
  114  6:42  Roach x3  
  120  7:11  Roach  
  120  7:12  Roach x12  
  132  7:27  Roach  
  132  7:28  Roach x4  
  108  7:35  Roach x2  
  94  7:47  Roach x5  
  94  7:48  Roach x5  
  116  7:51  Ravager x4  
  116  7:55  Drone x4  
  116  7:56  Drone, Extractor  
  116  7:57  Extractor  
  121  8:09  Drone  
  121  8:10  Drone x2  
  124  8:13  Drone x3  
  124  8:18  Ravager  
  124  8:19  Ravager x2  
  130  8:20  Overlord x5  
  130  8:28  Evolution Chamber  
  130  8:29  Evolution Chamber  
  128  8:48  Hatchery  
  117  9:21  Roach x8  
  117  9:22  Roach x11  
  128  9:35  Roach  
  128  9:36  Roach x4  
  118  9:48  Roach x3  
  118  9:57  Drone x3  
  117  10:02  Queen  
  117  10:04  Drone x4  
  123  10:09  Spire  
  123  10:10  Ravager x4  
  123  10:11  Ravager x3  
  123  10:13  Drone x4  
  123  10:14  Drone  
  134  10:15  Drone x3  
  137  10:31  Overseer x2  
  137  10:36  Roach x9  
Show
View Real Time Build Order
Export as new Build Order

Loken Protoss - Winner!

Build Orders: 1 Gate Expand 

Get SALT Encoding   

  12  0:01  Probe (Chrono Boost)  
  13  0:12  Probe (Chrono Boost)  
  14  0:18  Pylon  
  14  0:24  Probe (Chrono Boost)  
  15  0:37  Probe (Chrono Boost)  
  15  0:38  Gateway  
  16  0:47  Probe (Chrono Boost)  
  16  0:49  Pylon  
  17  0:58  Probe (Chrono Boost)  
  18  1:08  Forge  
  18  1:13  Probe (Chrono Boost)  
  19  1:33  Nexus  
  19  1:37  Probe (Chrono Boost)  
  20  1:44  Cybernetics Core  
  20  1:49  Probe (Chrono Boost)  
  20  1:53  Assimilator  
  21  1:58  Assimilator  
  21  2:04  Probe (Chrono Boost)  
  22  2:10  Assimilator  
  22  2:14  Probe (Chrono Boost)  
  23  2:19  Assimilator  
  23  2:25  Probe (Chrono Boost)  
  23  2:29  Warp Gate  
  24  2:35  Probe (Chrono Boost)  
  25  2:46  Probe (Chrono Boost)  
  25  2:50  Pylon  
  26  2:57  Probe (Chrono Boost)  
  27  2:59  Stargate  
  27  3:05  Pylon  
  27  3:17  Pylon  
  27  3:21  Stargate  
  27  3:27  Probe (Chrono Boost)  
  27  3:33  Probe (Chrono Boost)  
  29  3:38  Probe (Chrono Boost)  
  30  3:44  Probe (Chrono Boost), Void Ray  
  36  3:48  Probe (Chrono Boost)  
  36  3:53  Photon Cannon  
  36  3:59  Probe (Chrono Boost)  
  36  4:02  Probe (Chrono Boost)  
  38  4:12  Void Ray  
  42  4:26  Void Ray  
  42  4:28  Probe (Chrono Boost)  
  42  4:30  Probe (Chrono Boost)  
  48  4:38  Probe (Chrono Boost)  
  49  4:40  Probe (Chrono Boost)  
  50  4:54  Probe (Chrono Boost)  
  50  4:55  Void Ray, Probe (Chrono Boost)  
  56  5:01  Protoss Air Weapons Level 1  
  48  5:29  Void Ray  
  46  5:37  Void Ray  
  34  6:06  Void Ray  
  34  6:14  Void Ray  
  42  6:30  Probe (Chrono Boost)  
  42  6:32  Probe (Chrono Boost)  
  44  6:43  Probe (Chrono Boost)  
  44  6:44  Probe (Chrono Boost), Void Ray  
  46  6:51  Void Ray  
  51  6:55  Probe (Chrono Boost)  
  51  6:57  Probe (Chrono Boost)  
  56  7:07  Probe (Chrono Boost)  
  58  7:09  Probe (Chrono Boost)  
  58  7:11  Pylon  
  58  7:14  Pylon  
  58  7:19  Probe (Chrono Boost)  
  58  7:21  Probe (Chrono Boost)  
  60  7:23  Void Ray  
  60  7:29  Void Ray  
  65  7:31  Probe (Chrono Boost)  
  69  7:43  Probe (Chrono Boost)  
  70  7:55  Probe (Chrono Boost)  
  59  8:23  Void Ray x2  
  59  8:33  Probe (Chrono Boost)  
  68  8:45  Probe x2 (Chrono Boost)  
  68  8:47  Protoss Air Armor Level 1  
  70  8:54  Stargate  
  71  8:57  Probe x2 (Chrono Boost)  
  71  8:59  Pylon  
  71  9:01  Void Ray  
  71  9:02  Pylon  
  72  9:03  Pylon  
  72  9:09  Probe x2 (Chrono Boost)  
  78  9:12  Void Ray  
  78  9:21  Probe (Chrono Boost)  
  78  9:22  Probe (Chrono Boost)  
  84  9:33  Probe (Chrono Boost)  
  84  9:38  Void Ray  
  89  9:55  Void Ray  
  89  10:15  Void Ray  
  89  10:33  Void Ray  
Show
View Real Time Build Order
Export as new Build Order

Myran Protoss - Winner!

Build Orders:  

Get SALT Encoding   

  12  0:01  Probe (Chrono Boost)  
  13  0:12  Probe (Chrono Boost)  
  14  0:25  Pylon, Probe (Chrono Boost)  
  15  0:43  Probe (Chrono Boost)  
  15  0:44  Forge  
  16  0:54  Probe (Chrono Boost)  
  17  1:01  Pylon  
  17  1:04  Probe (Chrono Boost)  
  17  1:08  Assimilator  
  18  1:15  Probe (Chrono Boost)  
  18  1:17  Pylon  
  19  1:33  Gateway  
  19  1:35  Photon Cannon  
  19  1:38  Probe (Chrono Boost)  
  20  1:47  Photon Cannon  
  20  1:49  Probe (Chrono Boost)  
  20  1:53  Assimilator  
  21  1:59  Probe (Chrono Boost)  
  22  2:10  Probe (Chrono Boost)  
  23  2:25  Cybernetics Core  
  23  2:28  Probe (Chrono Boost)  
  24  2:42  Probe (Chrono Boost)  
  25  2:52  Nexus  
  25  2:53  Probe (Chrono Boost)  
  26  2:59  Pylon  
  26  3:04  Probe (Chrono Boost)  
  27  3:06  Stalker  
  29  3:14  Stargate  
  29  3:30  Photon Cannon  
  29  3:31  Probe (Chrono Boost)  
  30  3:36  Pylon  
  30  3:41  Probe (Chrono Boost)  
  31  3:52  Probe (Chrono Boost)  
  31  3:54  Photon Cannon  
  32  3:57  Pylon  
  32  4:05  Void Ray  
  36  4:13  Probe (Chrono Boost)  
  37  4:18  Probe (Chrono Boost)  
  38  4:28  Probe (Chrono Boost)  
  38  4:29  Assimilator  
  38  4:30  Probe (Chrono Boost)  
  38  4:31  Assimilator  
  40  4:39  Probe (Chrono Boost)  
  40  4:41  Probe (Chrono Boost)  
  42  4:49  Probe (Chrono Boost)  
  42  4:51  Probe (Chrono Boost), Void Ray  
  42  5:27  Stargate  
  38  5:50  Void Ray  
  42  6:01  Pylon  
  42  6:04  Pylon  
  42  6:08  Pylon  
  42  6:10  Pylon  
  42  6:14  Void Ray  
  46  6:20  Probe (Chrono Boost)  
  46  6:22  Probe (Chrono Boost)  
  48  6:27  Void Ray  
  48  6:32  Probe x2 (Chrono Boost)  
  54  6:43  Probe (Chrono Boost)  
  54  6:46  Photon Cannon  
  55  6:53  Photon Cannon  
  55  6:54  Photon Cannon  
  55  6:56  Void Ray  
  55  6:57  Photon Cannon  
  59  7:05  Void Ray  
  59  7:08  Stargate  
  59  7:12  Protoss Air Weapons Level 1  
  64  7:37  Probe (Chrono Boost)  
  64  7:38  Void Ray  
  64  7:49  Void Ray  
  68  7:54  Void Ray  
  76  8:19  Void Ray  
  76  8:26  Void Ray  
  84  8:50  Pylon  
  84  8:52  Pylon  
  84  8:57  Pylon  
  84  8:59  Pylon  
  84  9:02  Cybernetics Core, Void Ray  
  84  9:04  Void Ray  
  84  9:06  Protoss Air Armor Level 1  
  84  9:08  Void Ray  
  96  9:20  Fleet Beacon  
  92  10:27  Void Ray x2  
  92  10:33  Void Ray  
  112  11:25  Pylon  
  112  11:27  Pylon  
  112  11:30  Pylon  
  112  11:31  Pylon  
Show
View Real Time Build Order
Export as new Build Order

dallaskuken Protoss - Winner!

Build Orders:  

Get SALT Encoding   

  12  0:07  Probe (Chrono Boost)  
  13  0:16  Pylon  
  13  0:35  Forge  
  13  0:54  Pylon  
  13  1:06  Pylon  
  13  1:12  Photon Cannon  
  13  1:14  Pylon  
  13  1:24  Photon Cannon  
  12  1:36  Probe (Chrono Boost)  
  13  1:47  Probe (Chrono Boost)  
  14  1:55  Gateway  
  14  1:57  Probe (Chrono Boost)  
  15  2:08  Probe (Chrono Boost)  
  16  2:18  Probe (Chrono Boost)  
  17  2:27  Nexus  
  17  2:29  Probe (Chrono Boost)  
  18  2:40  Probe (Chrono Boost)  
  18  2:41  Assimilator  
  19  2:48  Cybernetics Core  
  19  3:02  Pylon  
  19  3:05  Probe (Chrono Boost)  
  20  3:15  Probe (Chrono Boost)  
  20  3:19  Photon Cannon  
  21  3:22  Assimilator  
  21  3:26  Probe (Chrono Boost)  
  22  3:28  Warp Gate  
  22  3:36  Probe (Chrono Boost)  
  23  3:47  Probe (Chrono Boost)  
  24  3:49  Probe (Chrono Boost)  
  25  3:57  Probe (Chrono Boost)  
  25  4:00  Probe (Chrono Boost)  
  27  4:07  Robotics Facility  
  27  4:08  Probe (Chrono Boost)  
  28  4:10  Probe (Chrono Boost)  
  29  4:21  Probe (Chrono Boost)  
  30  4:30  Pylon  
  31  4:31  Pylon, Probe (Chrono Boost)  
  31  4:33  Pylon  
  31  4:37  Photon Cannon  
  31  4:41  Probe (Chrono Boost)  
  31  4:42  Probe (Chrono Boost)  
  33  4:52  Probe x2 (Chrono Boost)  
  35  4:57  Immortal  
  39  5:02  Probe (Chrono Boost)  
  39  5:03  Probe (Chrono Boost)  
  41  5:13  Probe (Chrono Boost)  
  42  5:16  Assimilator  
  42  5:17  Probe (Chrono Boost)  
  42  5:20  Assimilator  
  43  5:28  Probe (Chrono Boost)  
  44  5:38  Probe (Chrono Boost)  
  45  5:45  Immortal  
  45  5:49  Probe (Chrono Boost)  
  50  5:52  Robotics Bay  
  50  5:59  Pylon  
  50  6:00  Pylon  
  50  6:18  Robotics Facility  
  50  6:24  Probe (Chrono Boost), Immortal  
  55  6:42  Robotics Facility  
  55  6:45  Extended Thermal Lance  
  55  6:54  Nexus  
  55  6:56  Assimilator  
  55  6:58  Assimilator  
  55  7:03  Sentry, Immortal  
  61  7:17  Gateway  
  61  7:18  Gateway, Colossus  
  61  7:19  Gateway  
  61  7:20  Gateway  
  61  7:22  Gateway  
  67  7:25  Probe (Chrono Boost)  
  68  7:36  Probe (Chrono Boost)  
  69  7:39  Pylon  
  69  7:41  Pylon  
  69  7:42  Pylon  
  69  7:44  Colossus  
  69  7:47  Probe (Chrono Boost)  
  76  8:03  Colossus  
  82  8:14  Pylon  
  82  8:15  Pylon  
  82  8:24  Colossus  
  88  8:45  Colossus  
  72  9:36  Colossus x2  
  70  9:39  Colossus  
  70  9:56  Zealot  
  70  9:57  Zealot x2  
  70  9:59  Zealot x3  
  82  10:24  Probe (Chrono Boost)  
  83  10:29  Colossus  
  83  10:30  Colossus  
  83  10:35  Probe (Chrono Boost)  
  96  10:36  Colossus  
  96  10:40  Sentry x2  
  106  10:45  Probe (Chrono Boost)  
  107  10:53  Pylon  
  107  10:54  Pylon  
  107  10:55  Pylon  
  107  10:56  Pylon, Probe (Chrono Boost)  
  108  10:58  Pylon x2  
  108  11:01  Pylon  
  108  11:06  Stalker, Probe (Chrono Boost)  
  108  11:07  Stalker x5  
Tags
 
Add a new tag
Caveats
  • Supply blocks, unpowered buildings, or Contaminate may cause inaccurate times.
  • Supply counts are checked every 10 seconds.